Map: Dreamcatcher LE

Players

puCK (Nina)

  • Race: Protoss Protoss
  • League: Grandmaster
  • Spawn Location: 11:00

Elazer - Winner!

  • Race: Zerg Zerg
  • Spawn Location: 5:00

Event: WCS Austin 2018

VOD

Have the link to the VOD?

Description

Time

  • Played on: June 1, 2018, 10:32 p.m.
  • Length: 8:32

All games in this series

Show
View Real Time Build Order
Export as new Build Order

puCK Protoss 

Build Orders: 1 Gate Expand, Oracle Opening, Phoenix Opening, Archon Immortal, Zealot Archon, Archon Drop 

Get SALT Encoding   

  12  0:00  Probe  
  13  0:12  Probe  
  14  0:18  Pylon  
  14  0:24  Probe  
  14  0:27  Assimilator  
  15  0:37  Probe  
  16  0:45  Gateway, Probe  
  17  0:53  Probe  
  17  1:03  Probe  
  19  1:15  Probe  
  20  1:27  Nexus  
  20  1:36  Cybernetics Core  
  20  1:40  Probe  
  20  1:46  Assimilator  
  21  1:52  Probe  
  22  1:55  Pylon  
  22  2:04  Probe  
  22  2:05  Adept  
  23  2:15  Stargate  
  25  2:17  Probe  
  25  2:21  Warp Gate  
  26  2:28  Probe  
  27  2:34  Adept  
  27  2:35  Probe  
  27  2:36  Probe  
  29  2:43  Probe  
  31  2:44  Probe  
  31  2:50  Oracle  
  33  2:53  Probe  
  33  2:55  Probe  
  38  3:10  Probe x2  
  40  3:13  Assimilator  
  40  3:15  Assimilator  
  40  3:19  Pylon  
  40  3:22  Probe  
  40  3:24  Probe  
  42  3:28  Robotics Facility  
  42  3:31  Phoenix  
  42  3:34  Probe  
  42  3:38  Probe  
  46  3:46  Probe  
  47  3:48  Twilight Council  
  47  3:50  Probe  
  48  3:58  Probe  
  48  4:02  Probe  
  52  4:09  Warp Prism  
  52  4:14  Gateway  
  52  4:15  Gateway  
  52  4:17  Gateway  
  50  4:20  Probe  
  50  4:22  Probe  
  54  4:29  Templar Archives  
  54  4:33  Pylon  
  54  4:46  Pylon  
  54  4:52  Nexus  
  54  4:56  Probe  
  54  4:58  Pylon, Probe  
  56  5:03  Immortal  
  56  5:08  Probe  
  56  5:11  High Templar x4  
  69  5:16  Archon x2  
  69  5:18  Probe  
  69  5:19  Pylon  
  70  5:26  Shield Battery  
  70  5:28  Charge  
  70  5:33  Immortal  
  70  5:35  Gateway  
  71  5:54  Probe  
  72  6:00  Probe  
  72  6:01  Gateway  
  72  6:02  Gateway  
  72  6:03  Immortal  
  73  6:04  Zealot  
  73  6:06  Probe  
  73  6:11  Probe  
  77  6:13  High Templar  
  77  6:14  High Templar  
  85  6:22  Archon  
  85  6:24  Shield Battery  
  89  6:29  Probe x3  
  92  6:33  Assimilator  
  92  6:37  Assimilator  
  92  6:38  Psionic Storm  
  88  6:41  Probe x3  
  88  6:44  Immortal  
  88  6:46  Pylon  
  95  6:52  Gateway  
  95  6:53  Probe x3  
  98  7:05  Probe x2  
  98  7:08  Zealot, Probe  
  101  7:09  Zealot x3  
  109  7:18  Pylon  
  109  7:19  Pylon  
  109  7:21  Pylon  
  109  7:25  Forge  
  109  7:36  High Templar x4  
  117  7:39  Sentry x2  
  121  7:44  Immortal  
  121  7:47  Shield Battery, Pylon  
  121  7:48  Shield Battery, Pylon  
  122  7:56  Zealot  
  120  8:08  Zealot x4  
  112  8:18  Archon  
  96  8:22  Zealot x3  
Show
View Real Time Build Order
Export as new Build Order

Elazer Zerg - Winner!

Build Orders: Hatch First 

Get SALT Encoding   

  12  0:00  Drone  
  13  0:12  Overlord  
  13  0:16  Drone  
  14  0:30  Drone x2  
  16  0:47  Hatchery  
  15  0:51  Drone  
  15  0:54  Drone  
  17  0:57  Drone  
  18  1:08  Extractor  
  17  1:13  Spawning Pool  
  17  1:16  Drone  
  17  1:19  Drone  
  18  1:27  Drone  
  19  1:38  Drone  
  20  1:49  Overlord  
  20  1:59  Queen x2  
  20  2:00  Zergling x4  
  26  2:07  Metabolic Boost  
  26  2:10  Drone  
  26  2:11  Drone  
  28  2:21  Drone x2  
  30  2:34  Hatchery  
  30  2:37  Drone  
  30  2:43  Queen  
  32  2:45  Drone  
  32  2:49  Overlord  
  33  2:51  Drone  
  33  2:55  Drone x2  
  36  3:09  Drone x3  
  36  3:11  Drone x2  
  41  3:15  Overlord, Drone  
  41  3:19  Queen  
  44  3:32  Spore Crawler  
  44  3:33  Spore Crawler, Drone  
  44  3:34  Drone x4  
  47  3:42  Overlord  
  47  3:43  Drone x2  
  47  3:47  Overlord  
  50  3:48  Drone  
  50  3:56  Spore Crawler, Drone x4  
  50  4:02  Queen  
  55  4:06  Drone x3  
  58  4:11  Lair  
  58  4:12  Drone  
  58  4:16  Overlord  
  59  4:17  Drone  
  59  4:19  Drone  
  59  4:20  Drone  
  59  4:21  Drone  
  59  4:24  Drone  
  64  4:30  Drone x2  
  64  4:31  Extractor  
  65  4:33  Drone, Roach Warren, Extractor  
  65  4:37  Overlord  
  64  4:39  Drone  
  64  4:40  Drone x3  
  68  4:47  Overlord, Drone x2  
  68  4:51  Overlord  
  70  4:59  Zergling x8  
  74  5:00  Zergling x4  
  74  5:05  Overlord, Extractor x2  
  74  5:14  Glial Reconstitution  
  74  5:17  Roach x7  
  74  5:18  Evolution Chamber  
  74  5:19  Overlord  
  74  5:20  Drone x3  
  90  5:25  Roach  
  90  5:26  Roach x2  
  96  5:37  Roach  
  96  5:38  Roach x2  
  99  5:43  Hydralisk Den  
  99  5:46  Roach x2  
  99  5:53  Drone x4  
  99  5:58  Roach x6  
  99  6:02  Overlord  
  110  6:07  Overlord  
  110  6:08  Zerg Missile Weapons Level 1  
  110  6:11  Roach  
  112  6:20  Overlord  
  112  6:21  Overlord x2  
  112  6:22  Roach x3  
  118  6:31  Roach x5  
  128  6:40  Overlord, Grooved Spines  
  128  6:44  Hydralisk x2  
  132  6:55  Hydralisk x5  
  142  7:04  Hydralisk  
  142  7:05  Hydralisk  
  142  7:07  Hydralisk  
  146  7:10  Hydralisk  
  146  7:14  Hydralisk  
  150  7:17  Overlord x2  
  150  7:18  Roach  
  150  7:19  Roach x2  
  150  7:22  Roach x2  
  160  7:26  Roach  
  160  7:29  Overlord  
  161  7:30  Overlord  
  161  7:41  Zergling x20  
  161  7:43  Ravager x3  
  174  7:46  Ravager  
  175  7:56  Ravager  
  174  8:00  Zergling x18  
  174  8:03  Zergling x2  
  174  8:04  Zergling x2  
Tags
 
Add a new tag
Caveats
  • Supply blocks, unpowered buildings, or Contaminate may cause inaccurate times.
  • Supply counts are checked every 10 seconds.